 Dungeon Crawl Stone Soup version 0.28-a0-843-gb979743d38 (webtiles) character file.

Game seed: 17982145693445459100

424 Nixze the Magician (level 6, -3/29 (32) HPs)
             Began as a Deep Elf Air Elementalist on Nov 12, 2021.
             Slain by a wight (5 damage)
             ... on level 4 of the Dungeon.
             The game lasted 00:08:08 (4168 turns).

Nixze the Magician (Deep Elf Air Elementalist)      Turns: 4168, Time: 00:08:08

HP:   -3/29 (32)    AC:  5    Str:  5    XL:     6   Next: 64%
MP:   2/18          EV: 11    Int: 22    God:
Gold: 102           SH:  0    Dex: 15    Spells: 4/19 levels left

rFire   . . .      SeeInvis .   i - +1 hand axe (elec)
rCold   . . .      Faith    .   (no shield)
rNeg    . . .      Spirit   .   c - +0 leather armour
rPois   .          Reflect  .   (no helmet)
rElec   .          Harm     .   b - +0 cloak
rCorr   .          Rampage  .   (no gloves)
Will    +....                   j - +0 pair of boots
Stlth   ++........              (no amulet)
HPRegen 0.09/turn               g - ring of willpower
MPRegen 0.16/turn               k - ring of flight

@: flying, very slightly contaminated, drained
A: no striking features
a: no special abilities


You were on level 4 of the Dungeon.
You visited 1 branch of the dungeon, and saw 4 of its levels.

You collected 102 gold pieces.

Inventory:

Hand Weapons
 i - a +1 hand axe of electrocution (weapon)
Missiles
 h - 31 poisoned darts (quivered)
Armour
 b - a +0 cloak (worn)
 c - a +0 leather armour (worn)
 j - a +0 pair of boots (worn)
Jewellery
 g - a ring of willpower (left hand)
 k - a ring of flight (right hand)
Scrolls
 a - 3 scrolls of identify
 d - 2 scrolls of blinking
 m - a scroll of enchant weapon {unknown}
 n - a scroll of fog {unknown}
Potions
 e - a potion of curing {unknown}
 f - a potion of flight {unknown}
 l - a potion of attraction {unknown}


   Skills:
 - Level 2.4 Dodging
 - Level 2.4 Stealth
 - Level 7.0 Spellcasting
 - Level 1.1 Conjurations
 + Level 5.8 Air Magic


You had 4 spell levels left.
You knew the following spells:

 Your Spells              Type           Power      Damage    Failure   Level
a - Shock                 Conj/Air       88%        1d8       3%          1
b - Static Discharge      Conj/Air       22%        N/A       4%          2
c - Swiftness             Air            33%        N/A       3%          3
d - Airstrike             Air            16%        N/A       13%         4
e - Freezing Cloud        Conj/Ice/Air   8%         6-21      83%         5

Your spell library contained the following spells:

 Spells                   Type           Power      Damage    Failure   Level
 Mephitic Cloud           Conj/Pois/Air  17%        N/A       16%         3
 Ignite Poison            Fire/Tmut/Pois 7%         N/A       38%         3


Dungeon Overview and Level Annotations

Branches:
Dungeon (4/15)
 Temple: D:4-7

Altars:
Dithmenos
Qazlal
Ru

Shops:
D:1 [:


Message History

The spell is extremely dangerous to cast (13% risk of failure)!
Continue anyway?
Aiming: Airstrike (extremely dangerous; 13% risk of failure)
Press: ? - help, Dir - move target, f - wight
Aim: a wight, wielding a +3 spear of freezing and wearing a +0 robe (empty space bonus: 4/8)
The air twists around and strikes the wight!
The wight is heavily damaged.
Casting: Airstrike (extremely dangerous; 13% risk of failure)
Confirm with . or Enter, or press ? or * to list all spells.
The spell is extremely dangerous to cast (13% risk of failure)!
Continue anyway?
Aiming: Airstrike (extremely dangerous; 13% risk of failure)
Press: ? - help, Dir - move target, f/p - wight
Aim: a wight, wielding a +3 spear of freezing and wearing a +0 robe (heavily damaged, empty space bonus: 3/8)
You miscast Airstrike.
You are very lightly contaminated with residual magic.
Nothing appears to happen.
Casting: Airstrike (extremely dangerous; 13% risk of failure)
Confirm with . or Enter, or press ? or * to list all spells.
The spell is extremely dangerous to cast (13% risk of failure)!
Continue anyway?
Aiming: Airstrike (extremely dangerous; 13% risk of failure)
Press: ? - help, Dir - move target, f/p - wight
Aim: a wight, wielding a +3 spear of freezing and wearing a +0 robe (heavily damaged, empty space bonus: 3/8)
You miscast Airstrike.
Electricity courses through your body! The wight closely misses you.
Casting: Airstrike (extremely dangerous; 13% risk of failure)
Confirm with . or Enter, or press ? or * to list all spells.
The spell is extremely dangerous to cast (13% risk of failure)!
Continue anyway?
Aiming: Airstrike (extremely dangerous; 13% risk of failure)
Press: ? - help, Dir - move target, f/p - wight
Aim: a wight, wielding a +3 spear of freezing and wearing a +0 robe (heavily damaged, empty space bonus: 3/8)
You miscast Airstrike.
There is a short, sharp shower of sparks!
* * * LOW HITPOINT WARNING * * *
The wight hits you from afar with a +3 spear of freezing.
* * * LOW HITPOINT WARNING * * *
You feel drained.
* * * LOW HITPOINT WARNING * * *
The wight freezes you.
* * * LOW HITPOINT WARNING * * *
The wight hits you from afar with a +3 spear of freezing.
You die...

.. #.##.#.# .# #.##.#.#
.# #.##.#.# .####.##.#.#
...........#
...##.#...## .#.##.#...#
z#........#########
####......))[.z.@.#
####......(..##.#.......
.............##.###.####
#######...#####.. #
#[..# #### #...# ##.## #
#. . #.


You could see a wight.

Vanquished Creatures
  Sigmund (D:3)
  A wight (D:4)
  An orc priest (D:3)
  A hound (D:4)
  Terence (D:3)
  2 orc wizards
  3 adders
  A worm (D:2)
  A dart slug (D:4)
  8 orcs
  8 ball pythons
  4 bats
  5 endoplasms
  2 giant cockroaches
  5 hobgoblins
  4 jackals (D:2)
  5 kobolds
  5 frilled lizards
  5 goblins
  6 rats
69 creatures vanquished.

Notes
Turn   | Place    | Note
-------+----------+-------------------------------------------
     0 | D:1      | Nixze the Deep Elf Air Elementalist began the quest for the
                  | Orb.
     0 | D:1      | Reached XP level 1. HP: 10/10 MP: 6/6
   359 | D:1      | Reached XP level 2. HP: 15/15 MP: 3/8
   450 | D:1      | Found Omurch's Book Shop.
   706 | D:1      | Found Luiqe's Antique Armour Shop.
   984 | D:1      | Found a faded altar of an unknown god.
  1085 | D:2      | Reached skill level 4 in Spellcasting
  1181 | D:2      | Reached XP level 3. HP: 19/19 MP: 4/10
  1266 | D:2      | Found a shadowy altar of Dithmenos.
  1727 | D:2      | Learned a level 2 spell: Static Discharge
  1731 | D:2      | Learned a level 3 spell: Swiftness
  2036 | D:2      | Reached XP level 4. HP: 19/24 MP: 7/12
  2357 | D:3      | Noticed Terence
  2423 | D:3      | Reached skill level 5 in Spellcasting
  2810 | D:3      | Found a sacrificial altar of Ru.
  2818 | D:3      | Noticed Sigmund
  2841 | D:3      | Killed Terence
  2842 | D:3      | Reached XP level 5. HP: 17/28 MP: 6/15
  2965 | D:3      | Learned a level 4 spell: Airstrike
  3077 | D:3      | Killed Sigmund
  3078 | D:3      | Reached skill level 6 in Spellcasting
  3078 | D:3      | Reached skill level 5 in Air Magic
  3078 | D:3      | Reached XP level 6. HP: 32/32 MP: 7/17
  3203 | D:3      | Learned a level 5 spell: Freezing Cloud
  3379 | D:3      | Found a stormy altar of Qazlal.
  3880 | D:4      | Reached skill level 7 in Spellcasting
  4168 | D:4      | Slain by a wight

Illustrated notes

Levels and vault maps discovered:
D:1:      dpeg_arrival_erosion, layout_loops_cross, serial_shops,
          nicolae_shop_temple_entry_statues_fountains, shop,
          dreamdust_ecumenical_altar_angels_and_demons, nrook_mini_vaults
D:2:      layout_basic, basic_altar, nicolae_underground_beach
D:3:      layout_basic, nicolae_qazlal_eye_of_the_storm,
          mainiacjoe_overflow_brackets, uniq_terence, uniq_sigmund
D:4:      layout_loops_cross, lemuel_temple_firewalk_b, grunt_ministairs_12

Skill      XL: |  1  2  3  4  5  6 |
---------------+-------------------+-----
Spellcasting   | 4 5 6 7 |  7.0
Air Magic      | 4 5 |  5.8
Dodging        | |  2.4
Stealth        | |  2.4
Conjurations   | |  1.1

Action                   |  1- 3 |  4- 6 || total
-------------------------+-------+-------++-------
Melee: Hand axe          |     2 |       ||     2
Throw: Dart              |     9 |       ||     9
 Cast: Shock             |    85 |    55 ||   140
       Static Discharge  |       |     3 ||     3
       Swiftness         |       |     2 ||     2
       Airstrike         |       |     4 ||     4
  Use: Scroll            |       |     2 ||     2
Armor: Leather armour    |     7 |     1 ||     8
Dodge: Dodged            |     8 |    10 ||    18

Table legend: (Time is in decaauts)
 A = Elapsed time spent in this place.
 B = Non-inter-level travel time spent in this place.
 C = Inter-level travel time spent in this place.
 D = Time resting spent in this place.
 E = Time spent auto-exploring this place.
 F = Levels seen in this place.
 G = Mean time per level.
                   A        B        C        D        E       F      G
               +--------+--------+--------+--------+--------+-----+--------+
         Total |   4164 |   3968 |    196 |   1593 |   1954 |   4 | 1041.0 |
       Dungeon |   4164 |   3968 |    196 |   1593 |   1954 |   4 | 1041.0 |
               +--------+--------+--------+--------+--------+-----+--------+

Top non-repeatable levels by time:
     D:2: 1567 daAuts
     D:3: 1280 daAuts
     D:1: 1079 daAuts
     D:4: 237 daAuts
